cohdb
Replays
Latest Replays
All Replays
Popular Replays
Top Player Replays
Match Explorer
How It Works
Community
CoH3 Stats
Reddit
Sign in to upload your games and track your stats! →
Sign in with Steam
Match 43123699
Unlisted
Match 43123699
Overview
Messages
Build Orders
End
Kradschützen Motorcycle Team
Selects Battlefield Espionage Battlegroup
Panzergrenadier Squad
Panzergrenadier Squad
Construct Light Support Kompanie
Panzergrenadier Squad
2.5-tonne Medical Truck
Selects Intel Disruption Beacon
Fire Support Elements
le.IG 18 Support Gun Team
Pak 38 Anti-tank Gun Team
Panzergrenadier Squad
Panzergrenadier Squad
Construct Panzerarmee Kommand
Selects Plunder
Selects 250/3 Funkpanzerwagen
Seshagrantch
VX6 (Echofretzz)
Tok3n x Operator
TechT0nic
0
0
Comments
sign in to comment!
No comments posted yet!